Nordiques vs Panthers

Created - 16 février 2017 at 22:08

Goals
1 2 3 T
Nordiques 0 1 1 2
Panthers 1 3 3 7
Shots
1 2 3 T
Nordiques 11 11 4 26
Panthers 12 13 11 36

1st period

1. Panthers , Sergei Samsonov 13 (Scott Gomez) at 6:36

Penalties :
Nick Schultz (Flo) for Tripping (Minor) at 3:47, Matt Halischuk (Flo) for Roughing (Minor) at 8:10

2nd period

2. Panthers , Guillaume Latendresse 26 (Sidney Crosby, Oliver Ekman-Larsson) at 8:45
3. Panthers , Jeff Tambellini 11 (Alexander Perezhogin, Matthew Spiller) at 12:44
4. Panthers , Ryan Bayda 6 (Mike Fisher) at 15:31
5. Nordiques , Chris Drury 23 (R.J. Umberger) at 18:48

Penalties :
Mike Fisher (Flo) for Tripping (Minor) at 3:08, Steve Montador (Flo) for Hooking (Minor) at 6:35, Guillaume Latendresse (Flo) for Fighting (Major) at 15:56, Jean-Pierre Dumont (Que) for Fighting (Major) at 15:56

3rd period

6. Panthers , Sidney Crosby 17 (Scott Gomez, Steve Montador) at 0:14
7. Nordiques , Nikolai Kulemin 5 (Dmitry Kulikov) at 3:43
8. Panthers , Peter Prucha 9 (Oliver Ekman-Larsson, Sergei Samsonov) at 4:07
9. Panthers , Marian Hossa 17 (Nick Schultz, Matthew Spiller) at 11:55 (PP)

Penalties :
Steve Montador (Flo) for Roughing (Minor) at 6:57, Jean-Pierre Dumont (Que) for Roughing (Minor) at 11:37

Goalie Stats

Martin Brodeur (Que), 29 saves from 36 shots - (0,806), L, 18-11-5, 60:00 minutes
Antti Niemi (Flo), 24 saves from 26 shots - (0,923), W, 17-12-4, 60:00 minutes

Players Stats for Nordiques

Player Name              G  A  P  +/- PIM S  H  SB GA TA FO     MP     PP MP  PK MP  
------------------------------------------------------------------------------------
Chris Drury              1  0  1   0  0   1  1  0  0  0  13/32  21:58   5:17   0:00 
Dmitry Kulikov           0  1  1   0  0   1  1  0  1  4  0/0    20:18   4:41   0:00 
Dustin Byfuglien         0  0  0  -3  0   1  1  3  0  2  0/0    27:04   4:40   0:18 
Fedor Tyutin             0  0  0  -4  0   2  1  3  1  2  0/0    26:01   3:56   0:00 
Jean-Pierre Dumont       0  0  0   0  7   7  0  0  0  0  0/1    19:38   5:10   0:00 
Kyle Calder              0  0  0  -1  0   0  0  0  1  0  1/1    12:40   0:25   0:00 
Mark Eaton               0  0  0  -1  0   2  0  1  1  0  0/0    12:48   0:42   0:00 
Matt Moulson             0  0  0  -2  0   0  0  0  1  0  0/1    18:18   4:20   0:00 
Michael Ryder            0  0  0  -1  0   3  1  0  0  1  0/1    12:40   0:25   0:00 
Nikita Kucherov          0  0  0  -2  0   1  1  0  0  0  0/1    16:31   4:20   0:00 
Nikolai Kulemin          1  0  1  -1  0   3  1  0  0  0  0/0     8:52   0:00   0:00 
Pascal Dupuis            0  0  0  -1  0   0  1  1  1  0  0/0     9:10   0:00   0:18 
Paul Gaustad             0  0  0  -1  0   1  3  0  2  0  4/7    12:51   0:18   0:18 
R.J. Umberger            0  1  1   0  0   0  0  1  1  0  0/3    21:51   5:10   0:00 
Rich Peverley            0  0  0  -1  0   0  2  0  0  0  0/2     8:52   0:00   0:00 
Ryan Ellis               0  0  0   1  0   3  1  1  0  1  0/0    21:34   5:51   0:18 
T.J. Fast                0  0  0  -1  0   1  0  1  0  0  0/0    12:15   0:00   0:00 
Vaclav Prospal           0  0  0  -2  0   0  1  1  0  2  2/5    16:19   4:20   0:00 

Players Stats for Panthers

Player Name              G  A  P  +/- PIM S  H  SB GA TA FO     MP     PP MP  PK MP  
------------------------------------------------------------------------------------
Alexander Perezhogin     0  1  1   1  0   0  0  1  1  0  0/0    12:09   0:00   0:00 
Brad Stuart              0  0  0   2  0   0  1  1  0  0  0/0    16:28   0:00   1:38 
Guillaume Latendresse    1  0  1   1  5   4  3  0  2  0  0/0    19:58   0:18   4:54 
Jeff Tambellini          1  0  1   1  0   2  4  1  0  1  0/0    14:02   0:00   1:42 
Keith Aulie              0  0  0   1  0   0  1  5  1  3  0/0    13:40   0:00   2:43 
Marian Hossa             1  0  1   0  0   6  0  0  1  0  1/3    17:00   0:18   0:00 
Matt Halischuk           0  0  0   0  2   2  0  0  0  0  0/2     8:36   0:00   0:00 
Matthew Spiller          0  2  2   1  0   1  1  3  2  2  0/0    23:52   0:07   5:54 
Mike Fisher              0  1  1   0  2   0  3  0  1  0  3/3     8:19   0:00   0:00 
Nick Schultz             0  1  1   1  2   3  1  0  0  1  0/0    14:46   0:07   1:14 
Oliver Ekman-Larsson     0  2  2   2  0   3  0  0  0  0  0/0    25:15   0:11   4:28 
Peter Prucha             1  0  1   2  0   1  3  0  0  0  2/2    12:07   0:00   0:00 
Ryan Bayda               1  0  1   0  0   1  1  0  0  0  0/0    10:24   0:00   1:48 
Scott Gomez              0  2  2   2  0   3  3  1  3  0  4/6    18:43   0:00   3:16 
Sergei Samsonov          1  1  2   2  0   1  4  0  0  0  0/1    16:04   0:00   3:16 
Shawn Horcoff            0  0  0   1  0   0  1  0  0  0  2/6    11:46   0:00   0:00 
Sidney Crosby            1  1  2   1  0   8  2  0  0  2  22/31  21:49   0:18   4:54 
Steve Montador           0  1  1   2  4   1  2  1  1  0  0/0    25:01   0:11   3:53 

3 Stars

1 - Sergei Samsonov (Flo)
2 - Sidney Crosby (Flo)
3 - Scott Gomez (Flo)

Power Play

Nordiques - 0 on 5 Attempt(s) - 0,00%
Panthers - 1 on 1 Attempt(s) - 100,00%

Penalty Kill

Nordiques - 0 on 1 Attempt(s) - 0,00% - Score 0 goal in Penalty Kill
Panthers - 5 on 5 Attempt(s) - 100,00% - Score 0 goal in Penalty Kill

Team Stat

Nordiques - Hits : 15 - Faceoff Wins : 20 - Blocked Shots : 12 - Penalty Minutes : 7
Panthers - Hits : 30 - Faceoff Wins : 34 - Blocked Shots : 13 - Penalty Minutes : 15

Official

Referees : Pollock Kevin and Leggo Mike
Linesman : David Brisebois and Pierre Champoux

Game Notes

Guillaume Latendresse and Jean-Pierre Dumont fight to a draw at 15:56 of 2nd period
0:14 of 3rd period - Panthers goal is going for a video replay. After video review, Goal.
Keith Aulie is injured at 2:31 of 3rd period (Right Foot)

Finance

Level 1 -- Attendance: 5754 (95,90%) -- Ticket Income 477 582 $
Level 2 -- Attendance: 5000 (100,00%) -- Ticket Income 250 000 $
Level 3 -- Attendance: 1154 (57,70%) -- Ticket Income 51 930 $
Level 4 -- Attendance: 2377 (59,43%) -- Ticket Income 64 179 $
Luxury Box -- Attendance: 1000 (100,00%) -- Ticket Income 140 000 $
Game was played at the Bank Atlantic Cente.
Total Attendance: 15285 (84,92%)
Total Ticket Income: 983 691 $
Other Income: 147 554 $
Total Income: 1 131 245 $

Nordiques

5 vs 5 Forward 
   Center                   Left Wing                Right Wing               Time % Phy DF OF 
 1 Chris Drury              R.J. Umberger            Jean-Pierre Dumont       40     0   0  5  
 2 Vaclav Prospal           Matt Moulson             Nikita Kucherov          30     0   0  5  
 3 Paul Gaustad             Kyle Calder              Michael Ryder            20     0   0  5  
 4 Rich Peverley            Nikolai Kulemin          Pascal Dupuis            10     0   0  5  

5 vs 5 Defense 
   Defense                  Defense                                           Time % Phy DF OF 
 1 Fedor Tyutin             Dustin Byfuglien                                  40     0   5  0  
 2 Dmitry Kulikov           Ryan Ellis                                        30     0   5  0  
 3 T.J. Fast                Mark Eaton                                        20     0   5  0  
 4 Fedor Tyutin             Dustin Byfuglien                                  10     0   5  0  

PowerPlay Forward 
   Center                   Left Wing                Right Wing               Time % Phy DF OF 
 1 Chris Drury              R.J. Umberger            Jean-Pierre Dumont       60     0   0  5  
 2 Vaclav Prospal           Matt Moulson             Nikita Kucherov          40     0   0  5  

PowerPlay Defense
   Defense                  Defense                                           Time % Phy DF OF 
 1 Dustin Byfuglien         Ryan Ellis                                        60     0   2  3  
 2 Fedor Tyutin             Dmitry Kulikov                                    40     0   2  3  

Penalty Kill 4 Players Forward 
   Center                   Wing                     Time % Phy DF OF 
 1 Paul Gaustad             Pascal Dupuis            60     0   3  1  
 2 Kyle Calder              Vaclav Prospal           40     0   3  2  

Penalty Kill 4 Players Defense
   Defense                  Defense                  Time % Phy DF OF 
 1 T.J. Fast                Mark Eaton               60     0   4  1  
 2 Dustin Byfuglien         Ryan Ellis               40     0   4  1  

Penalty Kill - 3 Players Forward 
   Forward                                           Time % Phy DF OF 
 1 Paul Gaustad                                      60     0   5  0  
 2 Pascal Dupuis                                     40     0   5  0  

Penalty Kill - 3 Players Defense
   Defense                  Defense                  Time % Phy DF OF 
 1 T.J. Fast                Mark Eaton               60     0   5  0  
 2 Dustin Byfuglien         Dmitry Kulikov           40     0   5  0  

4 vs 4 Forward 
   Center                   Wing                     Time % Phy DF OF 
 1 R.J. Umberger            Chris Drury              60     0   1  4  
 2 Jean-Pierre Dumont       Vaclav Prospal           40     0   1  4  

4 vs 4 Defense
   Defense                  Defense                  Time % Phy DF OF 
 1 Dustin Byfuglien         Dmitry Kulikov           60     0   3  2  
 2 Fedor Tyutin             Ryan Ellis               40     0   3  2  

Last Minutes Offensive
   Center                   Left Wing                Right Wing               Defense                  Defense                  
   Chris Drury              R.J. Umberger            Jean-Pierre Dumont       Dustin Byfuglien         Fedor Tyutin             

Last Minutes Defensive
   Center                   Left Wing                Right Wing               Defense                  Defense                  
   Paul Gaustad             Kyle Calder              Pascal Dupuis            T.J. Fast                Mark Eaton               

Goaltenders
Starting : Martin Brodeur           
Backup : Julien Ellis             

Extra Forwards
Normal : Chris Drury, Jean-Pierre Dumont, Matt Moulson - PP : Chris Drury, Jean-Pierre Dumont - PK : Pascal Dupuis
Extra Defensemen
Normal : Dmitry Kulikov, Ryan Ellis, Dustin Byfuglien - PP : Dmitry Kulikov - PK : Ryan Ellis, Dustin Byfuglien
Penalty Shots
R.J. Umberger, Chris Drury, Jean-Pierre Dumont, Vaclav Prospal, Paul Gaustad

Panthers

5 vs 5 Forward 
   Center                   Left Wing                Right Wing               Time % Phy DF OF 
 1 Sidney Crosby            Guillaume Latendresse    Marian Hossa             40     0   2  3  
 2 Scott Gomez              Sergei Samsonov          Peter Prucha             30     0   2  3  
 3 Shawn Horcoff            Jeff Tambellini          Alexander Perezhogin     20     1   2  2  
 4 Mike Fisher              Ryan Bayda               Matt Halischuk           10     1   2  2  

5 vs 5 Defense 
   Defense                  Defense                                           Time % Phy DF OF 
 1 Steve Montador           Oliver Ekman-Larsson                              40     0   2  3  
 2 Matthew Spiller          Keith Aulie                                       30     1   2  2  
 3 Brad Stuart              Nick Schultz                                      20     1   2  2  
 4 Steve Montador           Oliver Ekman-Larsson                              10     0   2  3  

PowerPlay Forward 
   Center                   Left Wing                Right Wing               Time % Phy DF OF 
 1 Sidney Crosby            Guillaume Latendresse    Marian Hossa             60     1   0  4  
 2 Scott Gomez              Sergei Samsonov          Peter Prucha             40     1   0  4  

PowerPlay Defense
   Defense                  Defense                                           Time % Phy DF OF 
 1 Steve Montador           Oliver Ekman-Larsson                              60     1   1  3  
 2 Matthew Spiller          Keith Aulie                                       40     1   1  3  

Penalty Kill 4 Players Forward 
   Center                   Wing                     Time % Phy DF OF 
 1 Sidney Crosby            Guillaume Latendresse    60     1   3  1  
 2 Scott Gomez              Sergei Samsonov          40     1   3  1  

Penalty Kill 4 Players Defense
   Defense                  Defense                  Time % Phy DF OF 
 1 Steve Montador           Matthew Spiller          60     1   4  0  
 2 Keith Aulie              Oliver Ekman-Larsson     40     1   3  1  

Penalty Kill - 3 Players Forward 
   Forward                                           Time % Phy DF OF 
 1 Scott Gomez                                       60     1   3  1  
 2 Sidney Crosby                                     40     1   3  1  

Penalty Kill - 3 Players Defense
   Defense                  Defense                  Time % Phy DF OF 
 1 Steve Montador           Matthew Spiller          60     1   3  1  
 2 Keith Aulie              Oliver Ekman-Larsson     40     1   3  1  

4 vs 4 Forward 
   Center                   Wing                     Time % Phy DF OF 
 1 Sidney Crosby            Guillaume Latendresse    60     0   2  3  
 2 Scott Gomez              Marian Hossa             40     0   2  3  

4 vs 4 Defense
   Defense                  Defense                  Time % Phy DF OF 
 1 Steve Montador           Oliver Ekman-Larsson     60     0   2  3  
 2 Matthew Spiller          Keith Aulie              40     1   2  2  

Last Minutes Offensive
   Center                   Left Wing                Right Wing               Defense                  Defense                  
   Sidney Crosby            Guillaume Latendresse    Peter Prucha             Steve Montador           Oliver Ekman-Larsson     

Last Minutes Defensive
   Center                   Left Wing                Right Wing               Defense                  Defense                  
   Scott Gomez              Guillaume Latendresse    Marian Hossa             Matthew Spiller          Steve Montador           

Goaltenders
Starting : Antti Niemi              
Backup : Keith Kinkaid            

Extra Forwards
Normal : Scott Gomez, Guillaume Latendresse, Marian Hossa - PP : Scott Gomez, Ryan Bayda - PK : Ryan Bayda
Extra Defensemen
Normal : Keith Aulie, Steve Montador, Oliver Ekman-Larsson - PP : Nick Schultz - PK : Oliver Ekman-Larsson, Steve Montador
Penalty Shots
Sidney Crosby, Sergei Samsonov, Peter Prucha, Marian Hossa, Jeff Tambellini

% Time on Ice - Nordiques

Lines # - Real PCT - Wanted PCT - Time Play
Normal Forward
1 - 34% - 40% - 16:58
2 - 25% - 30% - 12:17
3 - 23% - 20% - 11:40
4 - 18% - 10% - 8:52
Normal Defense
1 - 38% - 40% - 19:07
2 - 31% - 30% - 15:26
3 - 25% - 20% - 12:15
4 - 6% - 10% - 2:59
PP Forward
1 - 56% - 60% - 5:33
2 - 44% - 40% - 4:22
PP Defense
1 - 60% - 60% - 5:59
2 - 40% - 40% - 3:56
PK Forward
1 - 100% - 60% - 0:18
2 - 0% - 40% - 0:00
PK Defense
1 - 0% - 60% - 0:00
2 - 100% - 40% - 0:18
PK3 Forward
1 - 0% - 60%
2 - 0% - 40%
PK3 Defense
1 - 0% - 60%
2 - 0% - 40%
44 Forward
1 - 0% - 60%
2 - 0% - 40%
44 Defense
1 - 0% - 60%
2 - 0% - 40%
Last Minute Offensive  - 0:00
Last Minute Defensive  - 0:00
Total
Forward - 60:00
Defense - 60:00

% Time on Ice - Panthers

Lines # - Real PCT - Wanted PCT - Time Play
Normal Forward
1 - 34% - 40% - 16:56
2 - 26% - 30% - 12:48
3 - 24% - 20% - 11:46
4 - 17% - 10% - 8:17
Normal Defense
1 - 34% - 40% - 16:58
2 - 40% - 30% - 20:01
3 - 23% - 20% - 11:16
4 - 3% - 10% - 1:32
PP Forward
1 - 100% - 60% - 0:18
2 - 0% - 40% - 0:00
PP Defense
1 - 61% - 60% - 0:11
2 - 39% - 40% - 0:07
PK Forward
1 - 67% - 60% - 6:39
2 - 33% - 40% - 3:16
PK Defense
1 - 60% - 60% - 5:58
2 - 40% - 40% - 3:57
PK3 Forward
1 - 0% - 60%
2 - 0% - 40%
PK3 Defense
1 - 0% - 60%
2 - 0% - 40%
44 Forward
1 - 0% - 60%
2 - 0% - 40%
44 Defense
1 - 0% - 60%
2 - 0% - 40%
Last Minute Offensive  - 0:00
Last Minute Defensive  - 0:00
Total
Forward - 60:00
Defense - 60:00

Play by Play

1st period


0:01 of 1st period - Sidney Crosby wins face-off versus R.J. Umberger in neutral zone.
0:26 of 1st period - Fedor Tyutin is hit by Scott Gomez and loses puck.
0:53 of 1st period - Off-side.
0:54 of 1st period - Mike Fisher wins face-off versus Rich Peverley in neutral zone.
1:29 of 1st period - Snap shot by Marian Hossa.
1:29 of 1st period - Deflect By Sidney Crosby.
1:29 of 1st period - Shot Misses the Net.
1:29 of 1st period - Puck is out of play.
1:30 of 1st period - Scott Gomez wins face-off versus Vaclav Prospal in Nordiques zone.
1:33 of 1st period - Wrist shot by Scott Gomez.
1:33 of 1st period - Stopped by Martin Brodeur with a rebound.
1:43 of 1st period - Wrist shot by Scott Gomez.
1:43 of 1st period - Shot Misses the Net.
1:57 of 1st period - Wrist shot by Jeff Tambellini.
1:57 of 1st period - Shot Misses the Net.
1:59 of 1st period - Wrist shot by Oliver Ekman-Larsson.
1:59 of 1st period - Shot Blocked by Ryan Ellis.
2:01 of 1st period - Snap shot by Oliver Ekman-Larsson.
2:01 of 1st period - Deflect By Jeff Tambellini.
2:01 of 1st period - Shot Misses the Net.
2:01 of 1st period - Puck is out of play.
2:02 of 1st period - Paul Gaustad wins face-off versus Shawn Horcoff in Nordiques zone.
2:23 of 1st period - Snap shot by Jeff Tambellini.
2:23 of 1st period - Shot Hit the Post.
2:25 of 1st period - Snap shot by Shawn Horcoff.
2:25 of 1st period - Deflect By Jeff Tambellini.
2:25 of 1st period - Shot Misses the Net.
2:25 of 1st period - Puck is out of play.
2:26 of 1st period - Sidney Crosby wins face-off versus Chris Drury in Nordiques zone.
2:27 of 1st period - Snap shot by Marian Hossa.
2:27 of 1st period - Stopped by Martin Brodeur with a rebound.
2:29 of 1st period - Snap shot by Steve Montador.
2:29 of 1st period - Stopped by Martin Brodeur with a rebound.
2:31 of 1st period - Slapshot by Oliver Ekman-Larsson.
2:31 of 1st period - Stopped by Martin Brodeur with a rebound.
2:33 of 1st period - Slapshot by Oliver Ekman-Larsson.
2:33 of 1st period - Stopped by Martin Brodeur without a rebound.
2:34 of 1st period - Sidney Crosby wins face-off versus Chris Drury in Nordiques zone.
3:25 of 1st period - Off-side.
3:26 of 1st period - Vaclav Prospal wins face-off versus Scott Gomez in neutral zone.
3:47 of 1st period - Minor Penalty to Nick Schultz for Tripping.
3:48 of 1st period - Sidney Crosby wins face-off versus Chris Drury in Panthers zone.
4:00 of 1st period - Snap shot by Jean-Pierre Dumont.
4:00 of 1st period - Stopped by Antti Niemi with a rebound.
4:22 of 1st period - Snap shot by Matt Moulson.
4:22 of 1st period - Shot Blocked by Matthew Spiller.
5:47 of 1st period - Penalty to Nick Schultz is over, Nick Schultz is back on ice.
5:48 of 1st period - Steve Montador is hit by Paul Gaustad and loses puck.
6:31 of 1st period - Dustin Byfuglien is hit by Nick Schultz and loses puck.
6:36 of 1st period - Slapshot by Sergei Samsonov.
6:36 of 1st period - Goal by Sergei Samsonov - Nordiques : 0 - Panthers : 1.
6:37 of 1st period - Chris Drury wins face-off versus Scott Gomez in neutral zone.
6:44 of 1st period - Wrist shot by Jean-Pierre Dumont.
6:44 of 1st period - Stopped by Antti Niemi without a rebound.
6:45 of 1st period - Scott Gomez wins face-off versus Jean-Pierre Dumont in Panthers zone.
6:56 of 1st period - Wrist shot by Scott Gomez.
6:56 of 1st period - Stopped by Martin Brodeur with a rebound.
6:58 of 1st period - Snap shot by Scott Gomez.
6:58 of 1st period - Shot Hit the Post.
7:00 of 1st period - Snap shot by Peter Prucha.
7:00 of 1st period - Shot Hit the Post.
7:56 of 1st period - Snap shot by Dustin Byfuglien.
7:56 of 1st period - Shot Blocked by Keith Aulie.
7:58 of 1st period - Slapshot by Dustin Byfuglien.
7:58 of 1st period - Shot Blocked by Matthew Spiller.
8:00 of 1st period - Snap shot by Fedor Tyutin.
8:00 of 1st period - Stopped by Antti Niemi with a rebound.
8:02 of 1st period - Snap shot by Fedor Tyutin.
8:02 of 1st period - Shot Misses the Net.
8:04 of 1st period - Slapshot by Dustin Byfuglien.
8:04 of 1st period - Stopped by Antti Niemi with a rebound.
8:10 of 1st period - Minor Penalty to Matt Halischuk for Roughing.
8:11 of 1st period - Sidney Crosby wins face-off versus Chris Drury in Panthers zone.
10:10 of 1st period - Penalty to Matt Halischuk is over, Matt Halischuk is back on ice.
10:35 of 1st period - Snap shot by Shawn Horcoff.
10:35 of 1st period - Shot Misses the Net.
10:37 of 1st period - Snap shot by Matthew Spiller.
10:37 of 1st period - Stopped by Martin Brodeur without a rebound.
10:38 of 1st period - Shawn Horcoff wins face-off versus Paul Gaustad in Nordiques zone.
10:53 of 1st period - Brad Stuart is hit by Paul Gaustad and loses puck.
11:16 of 1st period - Snap shot by Paul Gaustad.
11:16 of 1st period - Shot Blocked by Brad Stuart.
11:18 of 1st period - Slapshot by Mark Eaton.
11:18 of 1st period - Shot Hit the Post.
11:20 of 1st period - Snap shot by Michael Ryder.
11:20 of 1st period - Stopped by Antti Niemi with a rebound.
11:22 of 1st period - Slapshot by T.J. Fast.
11:22 of 1st period - Stopped by Antti Niemi with a rebound.
11:28 of 1st period - Snap shot by Paul Gaustad.
11:28 of 1st period - Shot Misses the Net.
11:30 of 1st period - Snap shot by Kyle Calder.
11:30 of 1st period - Shot Misses the Net.
11:32 of 1st period - Wrist shot by Mark Eaton.
11:32 of 1st period - Stopped by Antti Niemi with a rebound.
11:34 of 1st period - Slapshot by Ryan Ellis.
11:34 of 1st period - Shot Misses the Net.
12:18 of 1st period - Snap shot by Kyle Calder.
12:18 of 1st period - Shot Misses the Net.
12:20 of 1st period - Slapshot by Ryan Ellis.
12:20 of 1st period - Stopped by Antti Niemi with a rebound.
12:22 of 1st period - Backhand shot by Ryan Ellis.
12:22 of 1st period - Stopped by Antti Niemi with a rebound.
12:24 of 1st period - Slapshot by Dmitry Kulikov.
12:24 of 1st period - Deflect By Michael Ryder.
12:24 of 1st period - Stopped by Antti Niemi without a rebound.
12:25 of 1st period - Sidney Crosby wins face-off versus Chris Drury in Panthers zone.
12:38 of 1st period - Wrist shot by Chris Drury.
12:38 of 1st period - Shot Blocked by Keith Aulie.
14:03 of 1st period - Chris Drury is hit by Scott Gomez and loses puck.
14:20 of 1st period - Slapshot by Ryan Ellis.
14:20 of 1st period - Stopped by Antti Niemi with a rebound.
15:23 of 1st period - Dustin Byfuglien is hit by Sergei Samsonov and loses puck.
16:27 of 1st period - Icing by Fedor Tyutin.
16:28 of 1st period - Chris Drury wins face-off versus Matt Halischuk in Nordiques zone.
16:28 of 1st period - Chris Drury is hit by Mike Fisher.
16:34 of 1st period - Keith Aulie is hit by Fedor Tyutin and loses puck.
16:51 of 1st period - Icing by Matt Moulson.
16:52 of 1st period - Marian Hossa wins face-off versus Paul Gaustad in Nordiques zone.
16:55 of 1st period - Snap shot by Sidney Crosby.
16:55 of 1st period - Stopped by Martin Brodeur with a rebound.
17:42 of 1st period - Wrist shot by Jeff Tambellini.
17:42 of 1st period - Shot Blocked by Fedor Tyutin.
17:52 of 1st period - Snap shot by Rich Peverley.
17:52 of 1st period - Shot Blocked by Matthew Spiller.
18:04 of 1st period - Slapshot by Matt Halischuk.
18:04 of 1st period - Stopped by Martin Brodeur without a rebound.
18:05 of 1st period - Vaclav Prospal wins face-off versus Matt Halischuk in Nordiques zone.
18:18 of 1st period - Snap shot by Mike Fisher.
18:18 of 1st period - Shot Blocked by Vaclav Prospal.
18:20 of 1st period - Snap shot by Nick Schultz.
18:20 of 1st period - Stopped by Martin Brodeur without a rebound.
18:21 of 1st period - Sidney Crosby wins face-off versus R.J. Umberger in Nordiques zone.
18:49 of 1st period - Icing by Oliver Ekman-Larsson.
18:50 of 1st period - Peter Prucha wins face-off versus Vaclav Prospal in Panthers zone.
18:50 of 1st period - Peter Prucha is hit by Nikita Kucherov.
19:14 of 1st period - Slapshot by Sergei Samsonov.
19:14 of 1st period - Shot Misses the Net.
19:35 of 1st period - Snap shot by Nikita Kucherov.
19:35 of 1st period - Deflect By Sergei Samsonov.
19:35 of 1st period - Shot Misses the Net.
19:35 of 1st period - Puck is out of play.
19:36 of 1st period - Sidney Crosby wins face-off versus Chris Drury in Panthers zone.
19:41 of 1st period - Slapshot by Sidney Crosby.
19:41 of 1st period - Stopped by Martin Brodeur without a rebound.
19:42 of 1st period - Sidney Crosby wins face-off versus Chris Drury in Nordiques zone.
19:43 of 1st period - Slapshot by Marian Hossa.
19:43 of 1st period - Shot Misses the Net.
Goals for this period are 0 for Nordiques vs 1 for Panthers.
Shots for this period are 11 for Nordiques vs 12 for Panthers.

2nd period


0:01 of 2nd period - Sidney Crosby wins face-off versus Chris Drury in neutral zone.
0:14 of 2nd period - Snap shot by Jean-Pierre Dumont.
0:14 of 2nd period - Shot Misses the Net.
0:44 of 2nd period - Matt Moulson is hit by Steve Montador and loses puck.
1:42 of 2nd period - Snap shot by Jean-Pierre Dumont.
1:42 of 2nd period - Stopped by Antti Niemi without a rebound.
1:43 of 2nd period - Chris Drury wins face-off versus Sidney Crosby in Panthers zone.
1:44 of 2nd period - Backhand shot by Jean-Pierre Dumont.
1:44 of 2nd period - Stopped by Antti Niemi with a rebound.
2:16 of 2nd period - Snap shot by Jean-Pierre Dumont.
2:16 of 2nd period - Stopped by Antti Niemi with a rebound.
2:18 of 2nd period - Slapshot by Chris Drury.
2:18 of 2nd period - Deflect By Jean-Pierre Dumont.
2:18 of 2nd period - Stopped by Antti Niemi with a rebound.
2:20 of 2nd period - Snap shot by Jean-Pierre Dumont.
2:20 of 2nd period - Stopped by Antti Niemi with a rebound.
2:22 of 2nd period - Slapshot by Mark Eaton.
2:22 of 2nd period - Shot Blocked by Steve Montador.
2:24 of 2nd period - Slapshot by Mark Eaton.
2:24 of 2nd period - Shot Hit the Post.
2:26 of 2nd period - Snap shot by Jean-Pierre Dumont.
2:26 of 2nd period - Shot Misses the Net.
2:28 of 2nd period - Slapshot by Dmitry Kulikov.
2:28 of 2nd period - Stopped by Antti Niemi without a rebound.
2:29 of 2nd period - Sidney Crosby wins face-off versus Matt Moulson in Panthers zone.
2:56 of 2nd period - Nikita Kucherov is hit by Matthew Spiller and loses puck.
3:08 of 2nd period - Minor Penalty to Mike Fisher for Tripping.
3:09 of 2nd period - Chris Drury wins face-off versus Sidney Crosby in Panthers zone.
5:08 of 2nd period - Penalty to Mike Fisher is over, Mike Fisher is back on ice.
5:22 of 2nd period - Wrist shot by Jeff Tambellini.
5:22 of 2nd period - Stopped by Martin Brodeur without a rebound.
5:23 of 2nd period - Scott Gomez wins face-off versus Michael Ryder in Nordiques zone.
5:38 of 2nd period - Brad Stuart is hit by Paul Gaustad and loses puck.
5:49 of 2nd period - Sergei Samsonov is hit by Rich Peverley and loses puck.
6:08 of 2nd period - Snap shot by Sidney Crosby.
6:08 of 2nd period - Deflect By Guillaume Latendresse.
6:08 of 2nd period - Stopped by Martin Brodeur with a rebound.
6:10 of 2nd period - Snap shot by Marian Hossa.
6:10 of 2nd period - Shot Blocked by Dustin Byfuglien.
6:12 of 2nd period - Snap shot by Marian Hossa.
6:12 of 2nd period - Stopped by Martin Brodeur without a rebound.
6:13 of 2nd period - Chris Drury wins face-off versus Marian Hossa in Nordiques zone.
6:13 of 2nd period - Chris Drury is hit by Guillaume Latendresse.
6:35 of 2nd period - Minor Penalty to Steve Montador for Hooking.
6:36 of 2nd period - Sidney Crosby wins face-off versus Chris Drury in Panthers zone.
6:43 of 2nd period - Wrist shot by Sidney Crosby.
6:43 of 2nd period - Shot Misses the Net.
7:01 of 2nd period - Vaclav Prospal is hit by Scott Gomez and loses puck.
8:35 of 2nd period - Penalty to Steve Montador is over, Steve Montador is back on ice.
8:36 of 2nd period - Vaclav Prospal is hit by Sidney Crosby and loses puck.
8:45 of 2nd period - Wrist shot by Guillaume Latendresse.
8:45 of 2nd period - Goal by Guillaume Latendresse - Nordiques : 0 - Panthers : 2.
8:46 of 2nd period - Paul Gaustad wins face-off versus Sergei Samsonov in neutral zone.
9:20 of 2nd period - Wrist shot by Chris Drury.
9:20 of 2nd period - Shot Misses the Net.
10:22 of 2nd period - Snap shot by Chris Drury.
10:22 of 2nd period - Shot Blocked by Scott Gomez.
10:24 of 2nd period - Slapshot by Mark Eaton.
10:24 of 2nd period - Stopped by Antti Niemi without a rebound.
10:25 of 2nd period - Sidney Crosby wins face-off versus Chris Drury in Panthers zone.
10:25 of 2nd period - Sidney Crosby is hit by Dustin Byfuglien.
10:51 of 2nd period - Vaclav Prospal is hit by Sergei Samsonov and loses puck.
11:17 of 2nd period - Jeff Tambellini is hit by Nikolai Kulemin and loses puck.
12:44 of 2nd period - Snap shot by Jeff Tambellini.
12:44 of 2nd period - Goal by Jeff Tambellini - Nordiques : 0 - Panthers : 3.
12:45 of 2nd period - Chris Drury wins face-off versus Sidney Crosby in neutral zone.
13:02 of 2nd period - R.J. Umberger is hit by Guillaume Latendresse and loses puck.
13:13 of 2nd period - Jean-Pierre Dumont is hit by Shawn Horcoff and loses puck.
13:57 of 2nd period - Fedor Tyutin is hit by Sidney Crosby and loses puck.
14:04 of 2nd period - Wrist shot by Sidney Crosby.
14:04 of 2nd period - Stopped by Martin Brodeur without a rebound.
14:05 of 2nd period - Paul Gaustad wins face-off versus Sidney Crosby in Nordiques zone.
14:23 of 2nd period - Icing by Nick Schultz.
14:24 of 2nd period - Sidney Crosby wins face-off versus Chris Drury in Panthers zone.
14:55 of 2nd period - Snap shot by Scott Gomez.
14:55 of 2nd period - Stopped by Martin Brodeur with a rebound.
15:09 of 2nd period - T.J. Fast is hit by Jeff Tambellini and loses puck.
15:31 of 2nd period - Snap shot by Ryan Bayda.
15:31 of 2nd period - Goal by Ryan Bayda - Nordiques : 0 - Panthers : 4.
15:32 of 2nd period - Sidney Crosby wins face-off versus Chris Drury in neutral zone.
15:37 of 2nd period - Slapshot by Steve Montador.
15:37 of 2nd period - Shot Misses the Net.
15:39 of 2nd period - Slapshot by Sidney Crosby.
15:39 of 2nd period - Deflect By Marian Hossa.
15:39 of 2nd period - Stopped by Martin Brodeur with a rebound.
15:41 of 2nd period - Snap shot by Sidney Crosby.
15:41 of 2nd period - Stopped by Martin Brodeur without a rebound.
15:42 of 2nd period - Sidney Crosby wins face-off versus Chris Drury in Nordiques zone.
15:43 of 2nd period - Snap shot by Marian Hossa.
15:43 of 2nd period - Stopped by Martin Brodeur with a rebound.
15:56 of 2nd period - Guillaume Latendresse and Jean-Pierre Dumont fight to a draw.
15:56 of 2nd period - Penalty to Guillaume Latendresse for Fighting.
15:56 of 2nd period - Penalty to Jean-Pierre Dumont for Fighting.
15:57 of 2nd period - Chris Drury wins face-off versus Sidney Crosby in Nordiques zone.
16:06 of 2nd period - Wrist shot by Sidney Crosby.
16:06 of 2nd period - Stopped by Martin Brodeur without a rebound.
16:07 of 2nd period - Sidney Crosby wins face-off versus Chris Drury in Nordiques zone.
16:22 of 2nd period - Snap shot by Marian Hossa.
16:22 of 2nd period - Shot Misses the Net.
16:24 of 2nd period - Slapshot by Steve Montador.
16:24 of 2nd period - Shot Blocked by R.J. Umberger.
16:40 of 2nd period - Snap shot by Sidney Crosby.
16:40 of 2nd period - Shot Blocked by Fedor Tyutin.
16:52 of 2nd period - Slapshot by Fedor Tyutin.
16:52 of 2nd period - Deflect By Sidney Crosby.
16:52 of 2nd period - Stopped by Antti Niemi without a rebound.
16:53 of 2nd period - Kyle Calder wins face-off versus Shawn Horcoff in Panthers zone.
16:56 of 2nd period - Snap shot by Michael Ryder.
16:56 of 2nd period - Stopped by Antti Niemi without a rebound.
16:57 of 2nd period - Shawn Horcoff wins face-off versus Paul Gaustad in Panthers zone.
18:03 of 2nd period - Snap shot by Kyle Calder.
18:03 of 2nd period - Shot Blocked by Keith Aulie.
18:42 of 2nd period - Wrist shot by Michael Ryder.
18:42 of 2nd period - Shot Misses the Net.
18:44 of 2nd period - Wrist shot by Paul Gaustad.
18:44 of 2nd period - Stopped by Antti Niemi without a rebound.
18:45 of 2nd period - Chris Drury wins face-off versus Marian Hossa in Panthers zone.
18:48 of 2nd period - Wrist shot by Chris Drury.
18:48 of 2nd period - Goal by Chris Drury - Nordiques : 1 - Panthers : 4.
18:49 of 2nd period - Sidney Crosby wins face-off versus Chris Drury in neutral zone.
19:06 of 2nd period - Scott Gomez is hit by Chris Drury and loses puck.
19:26 of 2nd period - Off-side.
19:27 of 2nd period - Mike Fisher wins face-off versus Vaclav Prospal in neutral zone.
19:34 of 2nd period - Slapshot by Matt Halischuk.
19:34 of 2nd period - Stopped by Martin Brodeur with a rebound.
Goals for this period are 1 for Nordiques vs 3 for Panthers.
Shots for this period are 11 for Nordiques vs 13 for Panthers.

3rd period


0:01 of 3rd period - Sidney Crosby wins face-off versus R.J. Umberger in neutral zone.
0:08 of 3rd period - Slapshot by Marian Hossa.
0:08 of 3rd period - Shot Misses the Net.
0:10 of 3rd period - Slapshot by Steve Montador.
0:10 of 3rd period - Shot Blocked by Fedor Tyutin.
0:12 of 3rd period - Wrist shot by Scott Gomez.
0:12 of 3rd period - Shot Blocked by Dustin Byfuglien.
0:14 of 3rd period - Wrist shot by Sidney Crosby.
0:14 of 3rd period - Panthers goal is going for a video replay.
0:14 of 3rd period - The goal is good.
0:14 of 3rd period - Goal by Sidney Crosby - Nordiques : 1 - Panthers : 5.
0:15 of 3rd period - Chris Drury wins face-off versus Sidney Crosby in neutral zone.
1:03 of 3rd period - Scott Gomez is hit by Dmitry Kulikov and loses puck.
1:48 of 3rd period - Slapshot by R.J. Umberger.
1:48 of 3rd period - Shot Blocked by Keith Aulie.
2:04 of 3rd period - Fedor Tyutin is hit by Keith Aulie.
2:22 of 3rd period - Wrist shot by Nikolai Kulemin.
2:22 of 3rd period - Stopped by Antti Niemi without a rebound.
2:23 of 3rd period - Chris Drury wins face-off versus Shawn Horcoff in Panthers zone.
2:31 of 3rd period - Snap shot by Jean-Pierre Dumont.
2:31 of 3rd period - Shot Blocked by Keith Aulie.
2:31 of 3rd period - Keith Aulie from Panthers is injured at 2:31 of 3rd period (Right Foot).
2:32 of 3rd period - Chris Drury wins face-off versus Sidney Crosby in Panthers zone.
3:20 of 3rd period - Brad Stuart is hit by Michael Ryder.
3:29 of 3rd period - Snap shot by Jeff Tambellini.
3:29 of 3rd period - Shot Misses the Net.
3:43 of 3rd period - Wrist shot by Nikolai Kulemin.
3:43 of 3rd period - Goal by Nikolai Kulemin - Nordiques : 2 - Panthers : 5.
3:44 of 3rd period - Sidney Crosby wins face-off versus Chris Drury in neutral zone.
3:53 of 3rd period - Snap shot by Guillaume Latendresse.
3:53 of 3rd period - Deflect By Sidney Crosby.
3:53 of 3rd period - Stopped by Martin Brodeur with a rebound.
3:55 of 3rd period - Backhand shot by Oliver Ekman-Larsson.
3:55 of 3rd period - Shot Misses the Net.
3:57 of 3rd period - Slapshot by Steve Montador.
3:57 of 3rd period - Shot Blocked by Dustin Byfuglien.
3:59 of 3rd period - Wrist shot by Marian Hossa.
3:59 of 3rd period - Stopped by Martin Brodeur without a rebound.
4:00 of 3rd period - Scott Gomez wins face-off versus Nikita Kucherov in Nordiques zone.
4:03 of 3rd period - Snap shot by Sergei Samsonov.
4:03 of 3rd period - Shot Misses the Net.
4:05 of 3rd period - Slapshot by Oliver Ekman-Larsson.
4:05 of 3rd period - Deflect By Dustin Byfuglien.
4:05 of 3rd period - Stopped by Martin Brodeur with a rebound.
4:07 of 3rd period - Wrist shot by Peter Prucha.
4:07 of 3rd period - Goal by Peter Prucha - Nordiques : 2 - Panthers : 6.
4:08 of 3rd period - Sidney Crosby wins face-off versus Chris Drury in neutral zone.
5:48 of 3rd period - Wrist shot by Guillaume Latendresse.
5:48 of 3rd period - Shot Misses the Net.
6:04 of 3rd period - Slapshot by Nikolai Kulemin.
6:04 of 3rd period - Stopped by Antti Niemi with a rebound.
6:06 of 3rd period - Slapshot by Fedor Tyutin.
6:06 of 3rd period - Shot Blocked by Jeff Tambellini.
6:08 of 3rd period - Slapshot by Dustin Byfuglien.
6:08 of 3rd period - Shot Misses the Net.
6:10 of 3rd period - Slapshot by Fedor Tyutin.
6:10 of 3rd period - Shot Blocked by Alexander Perezhogin.
6:57 of 3rd period - Minor Penalty to Steve Montador for Roughing.
6:58 of 3rd period - Chris Drury wins face-off versus Sidney Crosby in Panthers zone.
7:33 of 3rd period - Wrist shot by Matt Moulson.
7:33 of 3rd period - Shot Misses the Net.
7:35 of 3rd period - Slapshot by Ryan Ellis.
7:35 of 3rd period - Shot Misses the Net.
7:37 of 3rd period - Snap shot by Matt Moulson.
7:37 of 3rd period - Shot Hit the Post.
7:39 of 3rd period - Wrist shot by Matt Moulson.
7:39 of 3rd period - Deflect By Nikita Kucherov.
7:39 of 3rd period - Stopped by Antti Niemi with a rebound.
8:57 of 3rd period - Penalty to Steve Montador is over, Steve Montador is back on ice.
9:28 of 3rd period - Ryan Bayda is hit by Rich Peverley and loses puck.
10:10 of 3rd period - Slapshot by Nick Schultz.
10:10 of 3rd period - Stopped by Martin Brodeur with a rebound.
10:16 of 3rd period - Nick Schultz is hit by Vaclav Prospal and loses puck.
10:27 of 3rd period - Dustin Byfuglien is hit by Peter Prucha and loses puck.
10:38 of 3rd period - Off-side.
10:39 of 3rd period - Mike Fisher wins face-off versus Rich Peverley in neutral zone.
10:52 of 3rd period - Matthew Spiller is hit by Pascal Dupuis and loses puck.
11:30 of 3rd period - Icing by Scott Gomez.
11:31 of 3rd period - Peter Prucha wins face-off versus Chris Drury in Panthers zone.
11:37 of 3rd period - Minor Penalty to Jean-Pierre Dumont for Roughing.
11:38 of 3rd period - Paul Gaustad wins face-off versus Sidney Crosby in Nordiques zone.
11:49 of 3rd period - Snap shot by Sidney Crosby.
11:49 of 3rd period - Deflect By Guillaume Latendresse.
11:49 of 3rd period - Stopped by Martin Brodeur with a rebound.
11:51 of 3rd period - Slapshot by Matthew Spiller.
11:51 of 3rd period - Shot Blocked by Pascal Dupuis.
11:53 of 3rd period - Wrist shot by Nick Schultz.
11:53 of 3rd period - Stopped by Martin Brodeur with a rebound.
11:55 of 3rd period - Wrist shot by Marian Hossa.
11:55 of 3rd period - Goal by Marian Hossa - Nordiques : 2 - Panthers : 7.
11:56 of 3rd period - Sidney Crosby wins face-off versus Chris Drury in neutral zone.
12:50 of 3rd period - Fedor Tyutin is hit by Jeff Tambellini.
13:22 of 3rd period - Dustin Byfuglien is hit by Mike Fisher and loses puck.
14:09 of 3rd period - Snap shot by Marian Hossa.
14:09 of 3rd period - Deflect By Guillaume Latendresse.
14:09 of 3rd period - Stopped by Martin Brodeur with a rebound.
14:11 of 3rd period - Slapshot by Sidney Crosby.
14:11 of 3rd period - Stopped by Martin Brodeur without a rebound.
14:12 of 3rd period - Chris Drury wins face-off versus Shawn Horcoff in Nordiques zone.
14:21 of 3rd period - T.J. Fast is hit by Jeff Tambellini and loses puck.
14:28 of 3rd period - Snap shot by Jeff Tambellini.
14:28 of 3rd period - Shot Blocked by Mark Eaton.
14:38 of 3rd period - T.J. Fast is hit by Sergei Samsonov and loses puck.
15:14 of 3rd period - Vaclav Prospal is hit by Guillaume Latendresse and loses puck.
15:27 of 3rd period - Snap shot by Ryan Bayda.
15:27 of 3rd period - Shot Blocked by T.J. Fast.
15:47 of 3rd period - Ryan Ellis is hit by Peter Prucha and loses puck.
16:06 of 3rd period - Scott Gomez is hit by Ryan Ellis and loses puck.
17:01 of 3rd period - Dustin Byfuglien is hit by Mike Fisher and loses puck.
17:24 of 3rd period - Dustin Byfuglien is hit by Brad Stuart and loses puck.
17:33 of 3rd period - Fedor Tyutin is hit by Jeff Tambellini and loses puck.
17:56 of 3rd period - Fedor Tyutin is hit by Steve Montador and loses puck.
18:53 of 3rd period - Kyle Calder is hit by Sergei Samsonov.
19:30 of 3rd period - Ryan Ellis is hit by Ryan Bayda and loses puck.
19:46 of 3rd period - Nikolai Kulemin is hit by Peter Prucha and loses puck.
Goals for this period are 1 for Nordiques vs 3 for Panthers.
Shots for this period are 4 for Nordiques vs 11 for Panthers.